 Dungeon Crawl Stone Soup version 0.21-a0-142-gdd972a7 (webtiles) character file.

102 Gorice the Grave Robber (level 4, -2/30 HPs)
             Began as a Demonspawn Necromancer on July 22, 2017.
             Slain by a shadow imp (3 damage)
             ... on level 2 of the Dungeon.
             The game lasted 00:07:00 (1604 turns).

Gorice the Grave Robber (Demonspawn Necromancer)    Turns: 1604, Time: 00:07:00

Health: -2/30      AC:  3    Str:  9    XL:     4   Next: 49%
Magic:  7/7        EV: 15    Int: 17    God:
Gold:   168        SH:  0    Dex: 13    Spells: 5/7 levels left

rFire    . . .     SeeInvis .   (no weapon)
rCold    . . .     Gourm    .   (no shield)
rNeg     . . .     Faith    .   a - +0 robe
rPois    .         Spirit   .   i - +0 helmet
rElec    .         Reflect  .   (no cloak)
rCorr    .         Harm     .   (no gloves)
MR       .....                  (no boots)
Stlth    +++.......             (no amulet)
HPRegen  0.10/turn              n - ring of stealth
MPRegen  0.10/turn              q - +3 ring of evasion

@: no status effects
A: hooves 1, powered by pain 2
a: no special abilities


You were on level 2 of the Dungeon.
You were not hungry.

You visited 1 branch of the dungeon, and saw 2 of its levels.

You collected 168 gold pieces.

Inventory:

Hand Weapons
 d - a +0 mace
Missiles
 e - 7 sling bullets
 j - 2 needles of frenzy
 p - 3 javelins (quivered)
 Z - 43 stones
Armour
 a - a +0 robe (worn)
 i - a +0 helmet (worn)
Jewellery
 n - a ring of stealth (left hand)
 q - a +3 ring of evasion (right hand)
Scrolls
 k - 3 scrolls of remove curse {unknown}
Potions
 h - 2 potions of magic {!q}
 l - a potion of cancellation {!q}
 r - a potion of curing
 s - a potion of berserk rage
Books
 b - a book of Necromancy
Comestibles
 c - a bread ration {!e}
 g - a meat ration {!e}
 m - 6 fruits
 o - 2 royal jellies


   Skills:
 - Level 1.7 Dodging
 - Level 1.7 Stealth
 - Level 2.0 Spellcasting
 * Level 6.5 Necromancy


You had 5 spell levels left.
You knew the following spells:

 Your Spells              Type           Power        Failure   Level  Hunger
a - Pain                  Necr           ###.         1%          1    #......
b - Animate Skeleton      Necr           N/A          1%          1    #......


Dungeon Overview and Level Annotations

Branches:
Dungeon (2/15)

Altars:
Ashenzari
Dithmenos
Hepliaklqana


Innate Abilities, Weirdness & Mutations

You have large cloven feet.
You sometimes gain power by taking damage.


Message History

The shadow imp misses you.
You barely miss the shadow imp.
The shadow imp is severely wounded.
The shadow imp hits you.
Damage: 1 (max 4)
You closely miss the shadow imp.
You kick the shadow imp, but do no damage.
The shadow imp is severely wounded.
The shadow imp hits you.
Damage: 5 (max 5)
You barely miss the shadow imp.
The shadow imp is severely wounded.
The shadow imp misses you.
You hit the shadow imp but do no damage.
The shadow imp is severely wounded.
The shadow imp barely misses you.
You barely miss the shadow imp.
The shadow imp is severely wounded.
The shadow imp hits you.
Damage: 2 (max 5)
You barely miss the shadow imp.
The shadow imp is severely wounded.
The shadow imp misses you.
You barely miss the shadow imp.
The shadow imp is severely wounded.
The shadow imp barely misses you.
You hit the shadow imp but do no damage.
The shadow imp is severely wounded.
The shadow imp hits you.
* * * LOW HITPOINT WARNING * * *
Damage: 3 (max 5)
You hit the shadow imp but do no damage.
You kick the shadow imp.
The shadow imp is almost dead.
The shadow imp shouts, "Begone, thou mewling weeb-spouting gnoll-tail!"
The shadow imp misses you.
You hit the shadow imp but do no damage.
The shadow imp is almost dead.
The shadow imp gestures at you. Pain shoots through your body!
* * * LOW HITPOINT WARNING * * *
Damage: 13 (max 13)
You hit the shadow imp but do no damage.
Your kick misses the shadow imp.
The shadow imp is almost dead.
The shadow imp closely misses you.
You barely miss the shadow imp. Your kick misses the shadow imp.
The shadow imp is almost dead.
The shadow imp hits you.
You die...

#...#.#..# #....#...#
.........# ......#####
....#.....# #.#.#.###.#######
................#
###.#.###.#####.##############
................@5...........#
#.#...##########.#####.......#
...#..# #.#.....####..#
#.##..# #.#.###.####..#
...#..# #.#.#.....##..#
.)<...##########.#.#.....##..#
...#......[..........._......#
...Z..............##.....#.###
#Z##############..##.....#.#


You could see a shadow imp.

Vanquished Creatures
  Natasha (twice) (D:2)
  An adder (D:2)
  2 worms (D:2)
  2 leopard geckos
  3 bats
  3 goblins
  A hobgoblin (D:2)
  6 kobolds
  A quokka (D:2)
  5 frilled lizards (D:2)
  2 rats (D:2)
28 creatures vanquished.

Vanquished Creatures (collateral kills)
  Natasha (D:2)
  A leopard gecko (D:2)
  A frilled lizard (D:2)
3 creatures vanquished.

Grand Total: 31 creatures vanquished

Notes
Turn   | Place    | Note
-------+----------+-------------------------------------------
     0 | D:1      | Gorice the Demonspawn Necromancer began the quest for the Orb.
     0 | D:1      | Reached XP level 1. HP: 13/13 MP: 3/3
    56 | D:1      | Learned a level 1 spell: Animate Skeleton
   503 | D:1      | --wow only 83% of the way to xpl2 - low xp level!
   566 | D:2      | Gained mutation: You have large cloven feet. [demonic ancestry]
   566 | D:2      | Reached XP level 2. HP: 16/19 MP: 0/5
   646 | D:2      | Reached skill level 5 in Necromancy
   669 | D:2      | Found a shadowy altar of Dithmenos.
   670 | D:2      | Noticed Natasha
   766 | D:2      | Killed Natasha
   766 | D:2      | Gained mutation: You sometimes gain a little power by taking damage. [demonic ancestry]
   766 | D:2      | Reached XP level 3. HP: 15/24 MP: 1/6
   919 | D:2      | Found a hazy altar of Hepliaklqana.
  1029 | D:2      | Noticed Natasha
  1031 | D:2      | Killed Natasha
  1031 | D:2      | Reached skill level 6 in Necromancy
  1031 | D:2      | Gained mutation: You sometimes gain power by taking damage. [demonic ancestry]
  1031 | D:2      | Reached XP level 4. HP: 29/30 MP: 4/7
  1064 | D:2      | Noticed Natasha
  1071 | D:2      | Killed Natasha
  1283 | D:2      | Found a shattered altar of Ashenzari.
  1488 | D:2      | Found a faded altar of an unknown god.
  1602 | D:2      | HP: 1/30 [shadow imp/nerve-wracking pain (13)]
  1604 | D:2      | Slain by a shadow imp

Vault maps used:
D:1:      lemuel_arrival_hallway, minmay_misc_feat_ornament
D:2:      nicolae_overflow_crystal_walls, nicolae_dithmenos_shadow_blocks,
          ashenzari_altar_1, chequers_ecumenical_altar_simple_redux,
          uniq_natasha

Skill      XL: |  1  2  3 |
---------------+----------+-----
Necromancy     | 5 6 |  6.5
Dodging        | |  1.7
Stealth        | |  1.7
Spellcasting   | |  2.0

Action                   |  1- 3 |  4- 6 || total
-------------------------+-------+-------++-------
Melee: Unarmed           |     1 |    27 ||    28
       Kick              |       |     6 ||     6
 Cast: Pain              |    26 |    30 ||    56
       Animate Skeleton  |    10 |     5 ||    15
  Use: Scroll            |     7 |     1 ||     8
  Eat: Chunk             |     1 |     2 ||     3
Armor: Robe              |       |     1 ||     1
Dodge: Dodged            |     1 |    17 ||    18

Table legend:
 A = Turns spent in this place as a percentage of turns spent in the entire game.
 B = Non-inter-level travel turns spent in this place as a percentage of non-inter-level travel turns spent in the entire game.
 C = Inter-level travel turns spent in this place as a percentage of turns spent in this place.
 D = Turns resting spent in this place as a percentage of non-inter-level travel turns spent in this place.
 E = Turns spent auto-exploring this place as a percentage of non-inter-level travel turns spent in this place.
 F = Non-inter-level travel turns spent in this place divided by the number of levels of this place that you've seen.
                   A       B       C       D       E      F
               +-------+-------+-------+-------+-------+----------------------
         Total | 100.0 | 100.0 |   0.6 |   4.6 |   8.4 | 239.5
       Dungeon | 100.0 | 100.0 |   0.6 |   4.6 |   8.4 | 239.5
               +-------+-------+-------+-------+-------+----------------------

Vault maps used:
D:1:      lemuel_arrival_hallway, minmay_misc_feat_ornament
D:2:      nicolae_overflow_crystal_walls, nicolae_dithmenos_shadow_blocks,
          ashenzari_altar_1, chequers_ecumenical_altar_simple_redux,
          uniq_natasha
